 Dungeon Crawl Stone Soup version 0.19-a0-1834-g6b7851e (webtiles) character file.

2330 KarmaPolice the Slasher (level 9, 0/69 HPs)
             Began as a Vampire Gladiator on Oct 8, 2016.
             Was a Believer of Qazlal.
             Succumbed to a killer bee's poison
             ... on level 7 of the Dungeon.
             The game lasted 00:24:32 (12874 turns).

KarmaPolice the Slasher (Vampire Gladiator)        Turns: 12874, Time: 00:24:33

Health: 0/69       AC:  6    Str: 23    XL:     9   Next: 19%
Magic:  12/12      EV: 15    Int: 11    God:    Qazlal [**....]
Gold:   493        SH:  2    Dex: 15    Spells: 0 memorised, 8 levels left

rFire  + + .     SeeInvis +     a - +0 long sword
rCold  + . .     Gourm    .     r - +2 robe {MR+}
rNeg   + . .     Faith    .     (no shield)
rPois  +         Spirit   .     c - +0 helmet
rElec  +         Dismiss  .     (no cloak)
rCorr  +         Reflect  .     v - +0 pair of gloves
MR     +....     Harm     .     (no boots)
Stlth  +.........               (no amulet)
                                (no ring)
                                m - ring of resist corrosion

@: mighty, lethally poisoned (0 -> 0), about to teleport, resistant
A: fangs 3, see invisible, fire resistance 1, strong 1, unbreathing, subdued
magic 1
a: Bat Form, Upheaval, Renounce Religion


You were on level 7 of the Dungeon.
You worshipped Qazlal.
Qazlal was pleased with you.
You were not thirsty.

You visited 2 branches of the dungeon, and saw 8 of its levels.

You collected 493 gold pieces.

Inventory:

Hand Weapons
 a - a +0 long sword (weapon)
 A - a +2 rapier of electrocution
Missiles
 d - 4 throwing nets (quivered)
Armour
 c - a +0 helmet (worn)
 r - a +2 robe of magic resistance (worn)
 v - a +0 pair of gloves (worn)
 x - a +3 ring mail of fire resistance
Jewellery
 m - a ring of resist corrosion (left hand)
Wands
 q - a wand of paralysis (6/24)
 y - a wand of lightning (5/15)
Scrolls
 b - 2 scrolls of blinking
 g - a scroll of identify
 h - a scroll of amnesia
 j - 3 scrolls of enchant weapon
 k - a scroll of enchant armour
 p - 2 scrolls of remove curse
 D - a scroll of magic mapping {unknown}
Potions
 e - 5 potions of blood
 f - 3 potions of flight
 i - a potion of might
 l - 3 potions of magic
 t - a potion of haste
 u - 2 potions of brilliance


   Skills:
 + Level 6.2 Fighting
 + Level 6.9 Long Blades
 - Level 1.5 Throwing
 + Level 4.1 Armour
 - Level 5.0 Dodging
 + Level 4.2 Invocations
 - Level 2.1 Evocations


You had 8 spell levels left.
You didn't know any spells.

Dungeon Overview and Level Annotations

Branches:
Dungeon (7/15)             Temple (1/1) D:5

Altars:
Ashenzari
Cheibriados
Dithmenos
Elyvilon
Gozag
Makhleb
Okawaru
Qazlal
Ru
Sif Muna
Trog
Uskayaw
Xom
Yredelemnul
Zin
The Shining One


Innate Abilities, Weirdness & Mutations

You have razor-sharp teeth.
You have supernaturally acute eyesight. (SInv)
You can survive without breathing.
Your flesh is heat resistant. (rF+)
Your muscles are strong. (Str +2)
Your spells are a little easier to cast, but a little less powerful.


Message History

Okay, then.
Okay, then.
As you read the scroll labeled QIPNUNORYAGH, it crumbles to dust.
You assume a fearsome visage.
Nothing appears to happen.
It was a scroll of fear.
* * * LOW HITPOINT WARNING * * *
You feel sick.
Okay, then.
As you read the scroll labeled FYEBREYDEUL, it crumbles to dust.
The air around you briefly surges with heat, but it dissipates.
It was a scroll of immolation.
Okay, then.
As you read the scroll labeled NUKUOB RIDOECH, it crumbles to dust.
You feel strangely unstable.
It was a scroll of teleportation.
Okay, then.
Okay, then.
Okay, then.
Yummy - fresh blood!
Yummy - fresh blood!
You die...

#.##.##########.#
#.##............#
#.############..#
#............#..#
##########.###..#
#......# ######.#
#.#
################@#
.................#
##################


There were no monsters in sight!

Vanquished Creatures
  An eye of draining (D:5)
  An ogre (D:5)
  A sky beast (D:5)
  A black bear (D:7)
  5 centaurs
  A big kobold (D:7)
  4 bullfrogs
  3 killer bees (D:7)
  3 howler monkeys
  A crimson imp (D:5)
  4 hounds
  2 orc priests (D:7)
  A jelly (D:5)
  5 orc wizards
  Jessica (D:3)
  An iguana (D:6)
  7 worker ants
  A killer bee zombie (D:7)
  A hound skeleton (D:5)
  A howler monkey skeleton (D:5)
  Robin (D:3)
  8 adders
  8 gnolls
  2 shadow imps
  2 oozes (D:4)
  2 adder skeletons (D:5)
  2 adder zombies
  5 worms
  2 dart slugs
  6 leopard geckos
  23 orcs
  10 giant cockroaches
  16 hobgoblins
  6 jackals
  4 quokkas
  5 ball pythons
  9 bats
  4 frilled lizards
  14 goblins
  12 kobolds
  A leopard gecko skeleton (D:3)
  7 rats
194 creatures vanquished.

Notes
Turn   | Place    | Note
-------+----------+-------------------------------------------
     0 | D:1      | KarmaPolice the Vampire Gladiator began the quest for the Orb.
     0 | D:1      | Reached XP level 1. HP: 16/16 MP: 1/1
   133 | D:1      | Reached XP level 2. HP: 18/22 MP: 2/2
  1156 | D:2      | Reached XP level 3. HP: 28/28 MP: 3/3
  2285 | D:2      | Reached XP level 4. HP: 32/34 MP: 4/4
  2547 | D:3      | Noticed Robin
  3151 | D:3      | Killed Robin
  3288 | D:3      | Noticed Jessica
  3297 | D:3      | Killed Jessica
  3472 | D:3      | Reached XP level 5. HP: 41/41 MP: 5/5
  4234 | D:4      | Noticed an ogre
  4606 | D:4      | Reached skill level 1 in Evocations
  5011 | D:4      | Reached XP level 6. HP: 27/47 MP: 5/7
  5385 | D:4      | Reached skill level 5 in Dodging
  5838 | D:4      | HP: 1/48 [orc wizard/magic dart (9)]
  6768 | D:5      | Entered Level 5 of the Dungeon
  6768 | D:5      | Found a staircase to the Ecumenical Temple.
  6775 | Temple   | Entered the Ecumenical Temple
  6837 | Temple   | Became a worshipper of Qazlal Stormbringer
  7101 | D:5      | Found a bloodstained altar of Trog.
  7131 | D:5      | Reached skill level 1 in Armour
  7131 | D:5      | Reached XP level 7. HP: 54/54 MP: 0/8
  7593 | D:5      | Reached skill level 5 in Long Blades
  7954 | D:5      | Found a shattered altar of Ashenzari.
  8035 | D:5      | Reached skill level 1 in Invocations
  8411 | D:5      | Found a hide-covered altar of Uskayaw.
  8596 | D:5      | Reached * piety under Qazlal
  8885 | D:5      | Reached XP level 8. HP: 37/61 MP: 9/9
  9040 | D:5      | Found a shadowy altar of Dithmenos.
  9109 | D:5      | Reached skill level 5 in Fighting
 10785 | D:7      | Found a glowing silver altar of Zin.
 10786 | D:7      | Found an opulent altar of Gozag.
 11741 | D:7      | Reached XP level 9. HP: 64/69 MP: 11/11
 12832 | D:7      | Reached ** piety under Qazlal
 12855 | D:7      | HP: 3/69 [poisoned by a killer bee]
 12863 | D:7      | HP: 2/69 [poisoned by a killer bee]
 12864 | D:7      | Gained mutation: Your spells are a little easier to cast, but a little less powerful. [potion of mutation]
 12864 | D:7      | Gained mutation: Your muscles are strong. (Str +2) [potion of mutation]
 12865 | D:7      | Gained mutation: Your flesh is heat resistant. (rF+) [potion of mutation]
 12870 | D:7      | HP: 1/69 [poisoned by a killer bee]
 12874 | D:7      | Succumbed to a killer bee's poison

Vault maps used:
D:1:      shiori_arrival_oz
D:3:      minmay_misc_feat_nine_boxes, minmay_joined_circles, uniq_robin,
          uniq_jessica
D:4:      abandoned_shop
D:5:      old_standard_altar, lemuel_coloured_pillars_altar, old_standard_altar,
          first_bread, trog_eyes_of_draining
D:7:      grunt_temple_overflow_gold_and_silver
Temple:   eino_temple_rhombus

Skill      XL: |  1  2  3  4  5  6  7  8  9 |
---------------+----------------------------+-----
Fighting       | 2 3 4 5 6 |  6.2
Dodging        | 4 5 |  5.0
Long Blades    | 4 5 6 |  6.9
Evocations     | 1 2 |  2.1
Armour         | 1 2 3 4 |  4.1
Invocations    | 2 3 4 |  4.2
Throwing       | |  1.5

Action                   |  1- 3 |  4- 6 |  7- 9 || total
-------------------------+-------+-------+-------++-------
Melee: Long sword        |    89 |   276 |   285 ||   650
       Bite              |    13 |    47 |    43 ||   103
       Unarmed           |       |     7 |     1 ||     8
 Abil: End Transformatio |       |     8 |    11 ||    19
       Bat Form          |       |     8 |    11 ||    19
  Use: Potion            |       |     9 |    22 ||    31
       Scroll            |       |     6 |     7 ||    13
 Stab: Sleeping          |     4 |     7 |     3 ||    14
       Distracted        |       |       |     1 ||     1
  Eat: Corpse            |     1 |     2 |     1 ||     4
Armor: Leather armour    |    14 |    39 |       ||    53
       Robe              |       |    31 |    69 ||   100
Dodge: Dodged            |    65 |   203 |   242 ||   510
Block: Other             |       |       |     8 ||     8
       Rpst.: Long sword |    18 |    60 |    81 ||   159
